 Dungeon Crawl Stone Soup version 0.24.0-123-gd5b16e6ec5 (webtiles) character file.

Game seed: 14838849326438402747, levelgen mode: deterministic

6305 Elellon the Basher (level 10, 0/64 HPs)
             Began as a Gargoyle Fighter on Jan 11, 2020.
             Was a Priest of Okawaru.
             Slain by Snorg (8 damage)
             ... on level 10 of the Dungeon.
             The game lasted 00:16:12 (8784 turns).

Elellon the Basher (Gargoyle Fighter)               Turns: 8784, Time: 00:16:13

Health: 0/64       AC: 22    Str: 24    XL:     10   Next: 95%
Magic:  10/10      EV:  5    Int:  8    God:    Okawaru [***...]
Gold:   487        SH: 13    Dex:  9    Spells: 9/9 levels left

rFire    . . .     SeeInvis +   q - +2 mace (protect)
rCold    . . .     Gourm    .   u - +2 shield
rNeg     + . .     Faith    .   O - +0 plate armour
rPois    ∞         Spirit   .   (no helmet)
rElec    +         Reflect  .   (no cloak)
rCorr    .         Harm     .   (no gloves)
MR       +....                  V - +0 pair of boots
Stlth    ..........             (no amulet)
HPRegen  0.20/turn              D - ring of see invisible
MPRegen  0.12/turn              w - ring of protection from magic

@: no status effects
A: negative energy resistance 1, electricity resistance, unbreathing,
petrification resistance, rot immunity, AC +7
a: Heroism, Renounce Religion


You were on level 10 of the Dungeon.
You worshipped Okawaru.
Okawaru was most pleased with you.
You were not hungry.

You visited 2 branches of the dungeon, and saw 11 of its levels.
You also visited: Ossuary.

You collected 487 gold pieces.

Inventory:

Hand Weapons
 q - a +2 mace of protection (weapon)
 A - the +9 hand crossbow of Fepoaj {flame, +Fly Str+4}
   (You found it on level 4 of the Dungeon)

   It causes projectiles fired from it to burn those they strike, causing extra
   injury to most foes and up to half again as much damage against particularly
   susceptible opponents.
   It affects your strength (+4).
   It lets you fly.
 T - a +1 whip of electrocution
Armour
 u - a +2 shield (worn)
 O - a +0 plate armour (worn)
 V - a +0 pair of boots (worn)
Jewellery
 a - an uncursed amulet of magic regeneration
 l - an uncursed ring of ice
 w - a ring of protection from magic (right hand)
 D - a ring of see invisible (left hand)
 G - an uncursed ring of wizardry
 R - an uncursed ring of flight
 S - an uncursed ring of positive energy
 W - an uncursed ring of poison resistance {unknown}
Wands
 j - a wand of disintegration (12)
 x - a wand of iceblast (13)
 E - a wand of acid (13)
 F - a wand of flame (33)
 L - a wand of scattershot (4)
 M - a wand of paralysis (15)
 N - a wand of polymorph (14)
Scrolls
 c - 2 scrolls of blinking {unknown}
 e - 11 scrolls of teleportation
 h - a scroll of magic mapping {unknown}
 i - 6 scrolls of enchant armour
 m - 2 scrolls of amnesia {unknown}
 o - a scroll of immolation {unknown}
 s - 2 scrolls of noise {unknown}
 y - 3 scrolls of fear {unknown}
 z - 8 scrolls of remove curse {unknown}
 C - a scroll of enchant weapon {unknown}
 H - a scroll of fog {unknown}
 J - a scroll of summoning {unknown}
 P - a scroll of silence {unknown}
 U - a scroll of random uselessness {unknown}
 X - a scroll of identify
Potions
 b - 2 potions of haste {unknown}
 d - a potion of might
 g - 3 potions of heal wounds
 k - 3 potions of cancellation {unknown}
 n - 2 potions of ambrosia {unknown}
 p - 4 potions of resistance
 r - 3 potions of invisibility {unknown}
 t - 4 potions of curing
 v - a potion of brilliance {unknown}
 B - 2 potions of magic {unknown}
 I - 2 potions of berserk rage {unknown}
 K - 2 potions of mutation {unknown}
Comestibles
 f - 22 rations
 Q - 5 chunks of flesh


   Skills:
 + Level 8.2 Fighting
 * Level 11.1 Maces & Flails
 + Level 8.2 Armour
 + Level 8.3 Shields


You had 9 spell levels left.
You didn't know any spells.
Your spell library contained the following spells:

 Spells                   Type           Power        Failure   Level  Hunger
 Confusing Touch          Hex            #.....       100%        1    ##.....
 Corona                   Hex            #......      100%        1    ##.....
 Slow                     Hex            #.......     100%        2    ###....
 Confuse                  Hex            #.......     100%        3    ####...
 Gell's Gravitas          Tloc           #.........   100%        3    ####...
 Inner Flame              Hex/Fire       #.......     100%        3    ####...
 Portal Projectile        Hex/Tloc       #.....       100%        3    ####...
 Cause Fear               Hex            #.........   100%        4    #####..
 Leda's Liquefaction      Hex/Erth       #.........   100%        4    #####..
 Petrify                  Tmut/Erth      #.......     100%        4    #####..
 Metabolic Englaciation   Hex/Ice        #.........   100%        5    ######.
 Silence                  Hex/Air        #.........   100%        5    ######.
 Yara's Violent Unravell  Hex/Tmut       #.........   100%        5    ######.
 Deflect Missiles         Chrm/Air       #.........   100%        6    #######
 Discord                  Hex            #.........   100%        8    #######


Dungeon Overview and Level Annotations

Branches:
Dungeon (10/15)            Temple (1/1) D:6         Ossuary (visited)
   Lair: D:8-11         Orc: D:9-12

Altars:
Ashenzari
Cheibriados
Dithmenos
Elyvilon
Fedhas
Gozag
Hepliaklqana
Kikubaaqudgha
Makhleb
Nemelex Xobeh
Okawaru
Qazlal
Ru
Sif Muna
Trog
Uskayaw
Vehumet
Wu Jian
Xom
Yredelemnul
Zin
The Shining One

Shops:
D:6 =

Annotations:
D:10 Snorg


Innate Abilities, Weirdness & Mutations

You are resistant to torment.
Your stone body is resilient. (AC +7)
You are immune to poison.
You resist negative energy. (rN+)
You are resistant to electric shocks. (rElec)
You can survive without breathing.
You are immune to petrification.
You are immune to rotting.


Message History

a +0 mace; a +0 giant club; an orc corpse Snorg bites you but does no damage.
Snorg claws you but does no damage. Snorg claws you.
Snorg completely misses you. Snorg claws you but does no damage. x2
Snorg barely misses you. x2; You block Snorg's attack.
Snorg rages.
Snorg bites you!!
* * * LOW HITPOINT WARNING * * *
You block Snorg's attack. Snorg claws you but does no damage.
Snorg bites you but does no damage. Snorg claws you but does no damage. x2
Some of the chunks of flesh in your inventory have rotted away.
There is a stone staircase leading up here.
Snorg barely misses you. Snorg closely misses you. Snorg claws you.
* * * LOW HITPOINT WARNING * * *
Snorg bites you.
* * * LOW HITPOINT WARNING * * *
Snorg claws you.
* * * LOW HITPOINT WARNING * * *
Snorg claws you!
You die...

.. # .... #. ### ....
...### ###.#########....
......##.....#.....#....
#........O.W..........=.
..##..@T##.........#..
#....##.........##
##...#.......#)..#..
.......#.....##.....
.......##............
###...#.#.............
###.................
###........#......
#.......$.....


You could see Snorg (berserk), a wraith and an ogre.

Vanquished Creatures
  Erica (D:8)
  A two-headed ogre (D:8)
  Pikel (D:8)
  3 hippogriffs
  Sigmund (D:5)
  A wraith (D:7)
  A steam dragon (D:8)
  Menkaure (D:5)
  Edmund (D:5)
  A water moccasin (D:5)
  An eye of draining (D:8)
  A phantom (D:7)
  4 ice beasts
  2 orc warriors
  A sky beast (D:7)
  An ogre (D:10)
  5 centaurs
  6 bullfrogs
  A gnoll sergeant (D:9)
  A troll zombie (Ossuary)
  3 howler monkeys
  5 crimson imps
  2 centaur zombies (Ossuary)
  2 hounds (D:6)
  5 orc priests
  A jelly (D:6)
  A quasit (D:9)
  A bullfrog skeleton (D:4)
  A centaur skeleton (D:5)
  10 orc wizards
  Ijyb (D:5)
  2 iguanas (D:8)
  5 worker ants
  2 killer bee zombies (D:8)
  2 ogre zombies (Ossuary)
  7 mummies (Ossuary)
  2 hound skeletons
  A worker ant zombie (D:6)
  9 adders
  13 gnolls
  A shadow imp (D:8)
  2 oozes
  5 adder zombies (Ossuary)
  An adder skeleton (D:4)
  2 worms
  A dart slug (D:4)
  4 leopard geckos
  35 orcs
  7 giant cockroaches
  4 goblins
  7 hobgoblins
  17 jackals
  3 quokkas
  2 ball pythons
  A ball python skeleton (D:4)
  4 bats
  7 frilled lizards
  A gnoll zombie (Ossuary)
  3 goblin zombies (Ossuary)
  4 hobgoblin zombies (Ossuary)
  A jackal zombie (D:6)
  3 kobolds
  3 kobold zombies (Ossuary)
  An orc zombie (Ossuary)
  7 quokka zombies
  8 rats
  2 rat zombies (Ossuary)
246 creatures vanquished.

Vanquished Creatures (others)
  An ice beast (D:8)
  2 slaves (D:8)
  A hound (D:8)
  An orc priest (D:8)
  A shadow imp (D:8)
  4 orcs (D:8)
  A quokka zombie (D:8)
11 creatures vanquished.

Grand Total: 257 creatures vanquished

Notes
Turn   | Place    | Note
-------+----------+-------------------------------------------
     0 | D:1      | Elellon the Gargoyle Fighter began the quest for the Orb.
     0 | D:1      | Reached XP level 1. HP: 14/14 MP: 1/1
   289 | D:1      | Reached XP level 2. HP: 19/19 MP: 2/2
   766 | D:2      | Reached skill level 3 in Maces & Flails
   813 | D:2      | Reached XP level 3. HP: 23/23 MP: 3/3
  1393 | D:2      | Reached skill level 4 in Maces & Flails
  1424 | D:2      | Reached XP level 4. HP: 20/28 MP: 4/4
  1806 | D:3      | Reached skill level 5 in Maces & Flails
  1806 | D:3      | Reached XP level 5. HP: 25/32 MP: 5/5
  1846 | D:3      | Found a faded altar of an unknown god.
  2301 | D:4      | Reached XP level 6. HP: 37/37 MP: 6/6
  2365 | D:4      | Got an iridescent hand crossbow
  2365 | D:4      | Identified the +9 hand crossbow of Fepoaj {flame, +Fly
                  | Str+4} (You found it on level 4 of the Dungeon)
  2533 | D:4      | Reached skill level 6 in Maces & Flails
  2657 | D:5      | Entered Level 5 of the Dungeon
  2801 | D:5      | Reached XP level 7. HP: 42/42 MP: 7/7
  2808 | D:5      | Noticed Sigmund
  2827 | D:5      | Killed Sigmund
  2840 | D:5      | Noticed a hippogriff
  2880 | D:5      | Killed a hippogriff
  2880 | D:5      | Reached skill level 7 in Maces & Flails
  2880 | D:5      | Reached XP level 8. HP: 17/48 MP: 8/8
  3027 | D:5      | Noticed Ijyb
  3041 | D:5      | Killed Ijyb
  3048 | D:5      | Reached skill level 5 in Armour
  3048 | D:5      | Reached skill level 5 in Shields
  3330 | D:5      | Found a sand-covered staircase.
  3341 | D:5      | Noticed Edmund
  3350 | Ossuary  | Entered an ossuary
  3388 | Ossuary  | Reached skill level 5 in Fighting
  3925 | D:5      | Killed Edmund
  3925 | D:5      | Reached skill level 8 in Maces & Flails
  4010 | D:5      | Noticed Menkaure
  4019 | D:5      | Killed Menkaure
  4225 | D:6      | Found a shimmering altar of Xom.
  4264 | D:6      | Reached XP level 9. HP: 43/55 MP: 9/9
  4703 | D:6      | Found a staircase to the Ecumenical Temple.
  4735 | D:6      | Reached skill level 9 in Maces & Flails
  4749 | Temple   | Entered the Ecumenical Temple
  4999 | Temple   | Became a worshipper of Warmaster Okawaru
  5371 | D:6      | Found Pemurawk's Jewellery Emporium.
  6014 | D:7      | Reached * piety under Okawaru
  6427 | D:7      | Reached XP level 10. HP: 63/63 MP: 10/10
  6750 | D:8      | Reached skill level 10 in Maces & Flails
  6974 | D:8      | Noticed Pikel
  6998 | D:8      | Killed Pikel
  7007 | D:8      | Reached ** piety under Okawaru
  7188 | D:8      | Noticed a two-headed ogre
  7197 | D:8      | Killed a two-headed ogre
  7314 | D:8      | Noticed Erica
  7329 | D:8      | Killed Erica
  7705 | D:8      | Reached *** piety under Okawaru
  7907 | D:8      | Found an opulent altar of Gozag.
  8052 | D:9      | Reached skill level 11 in Maces & Flails
  8224 | D:9      | Found a blossoming altar of Fedhas.
  8739 | D:10     | Entered Level 10 of the Dungeon
  8762 | D:10     | Noticed Snorg
  8784 | D:10     | Slain by Snorg

Levels and vault maps discovered:
D:1:      sevenhm_arrival_forest_fort_large_4, layout_basic
D:2:      layout_basic
D:3:      minmay_spotlight, layout_rooms, chequers_ecumenical_altar_island
D:4:      layout_basic, first_ration
D:5:      layout_basic, lightli_ossuary_entry_decrepit_ruins, uniq_ijyb,
          uniq_menkaure, uniq_sigmund, uniq_edmund
D:6:      layout_loops_cross, minmay_temple_entry_large_hall, serial_shops,
          kennysheep_mini, minmay_ruined_shrine
D:7:      layout_cave_pods, kennysheep_nub
D:8:      layout_loops_ring, marbit_many_paths, serial_glass, glass_columns_c,
          glass_columns_b, uniq_erica, uniq_pikel
D:9:      layout_basic, minmay_variable_closet, fedhas_altar_fruit_tree
D:10:     minmay_the_grid_triangle_9x9_rhombus_thin_mashed
          [minmay_the_grid_triangle_9x9_impossible_snake,
          minmay_the_grid_triangle_9x9_prize_special,
          minmay_the_grid_triangle_9x9_minimal,
          minmay_the_grid_triangle_9x9_subtriangle], layout_cave_pools,
          uniq_joseph, uniq_snorg
Temple:   roderic_octagonal_lattice_temple

Skill      XL: |  1  2  3  4  5  6  7  8  9 10 |
---------------+-------------------------------+-----
Maces & Flails | 3 4 5 6 7 8 9 11 | 11.1
Armour         | 4 5 7 8 |  8.2
Shields        | 4 5 7 8 |  8.3
Fighting       | 4 5 7 8 |  8.2

Action                   |  1- 3 |  4- 6 |  7- 9 | 10-12 || total
-------------------------+-------+-------+-------+-------++-------
Melee: Flail             |    89 |       |       |       ||    89
       Mace              |    12 |   200 |   580 |   320 ||  1112
  Use: Scroll            |       |       |     8 |     3 ||    11
       Potion            |       |       |     1 |       ||     1
  Eat: Chunk             |     2 |     5 |     9 |     8 ||    24
       Ration            |       |       |     1 |       ||     1
Armor: Scale mail        |    52 |   113 |   163 |       ||   328
       Plate armour      |       |       |   117 |   150 ||   267
Dodge: Dodged            |    24 |    64 |   116 |    51 ||   255
Block: Shield            |    34 |   132 |   343 |   166 ||   675
